Unix NetHack Version 5.0.0-0 post-release - last build May 10 2026 23:12:36 (d1fa5d53e341ca933230fdaa984d921c805b60aa,branch:main).

Game began 2026-05-11 16:01:53, ended 2026-05-11 16:43:46.

A4Paper, chaotic female elven Wizard

                        --------------------------------
      ------------      |..............................|
      |...........      |.------..-----....----..-----f)#
      |..........|     #|.|.. .|..|...|....|..-..-.((|.|#
      |<......)..|   # #|.| . .|..|...|....|).|..|.((|.|
      |..)...).)).######|.---|--..|...|....|--|..|.((|@|
      ------------   )##|.........|...|....|..|.-----|a|
                     # #|.........--|--....|..|.|....|.|
                       #|............{.....|..|.|.._...|
                      ##|.(................-|--.|....|.|
                      ##|.------|-.----|--...)..-.(..|.|
                      ##|.|((| ..|.|  |..|-|---------|.|
                     ###-.|((|(((|.+  |]/|....|      |.
                     # #|.|..|(((|.---|!?|....|       .|
                        |.-|------..{.---------+------.|
                        |..............................|
                        --------------------------------

A4Paper the Thaumaturge   St:13 Dx:14 Co:16 In:19 Wi:12 Ch:9  Chaotic S:3781
Dlvl:5  $:541 HP:0(53) Pw:2(93) AC:5  Xp:7/755 T:5644 

Latest messages:
 G - an athame named Magicbane (weapon in right hand).
 Z - a pick-axe (alternate weapon; not wielded).
 You swap places with Bluey.
 You experience a sense of peace.
 What do you want to drop? [$a-suvAFGMNQT-Z or ?*]
 You drop a pick-axe.
 You stop searching.
 You swap places with Bluey.
 The gnome king zaps a steel wand!
 Boing!
 In what direction?
 The spell misses the gnome king.
 The gnome king zaps a wand of striking!
 Boing!
 The gnome king zaps a wand of striking!
 Boing!
 The gnome king zaps a wand of striking!
 Boing!
 The gnome king zaps a wand of striking!
 You miss the gnome king.
 The gnome king zaps a wand of striking!
 Boing!
 The magic-absorbing blade cancels the gnome king!
 You miss the gnome king.
 The gnome king zaps a wand of striking!
 Boing!
 You miss the gnome king.
 The gnome king zaps a wand of striking!
 Boing!
 You hear someone praising Anhur.
 The magic-absorbing blade stuns the gnome king!
 You kill the gnome king!
 Bluey eats a gnome king corpse.
 You swap places with Bluey.
 There is a doorway here.
 There are several objects here.
 x - an etched helmet.
 y - a wand of striking.
 z - a pair of jackboots.
 You miss the giant beetle.
 The giant beetle bites!
 You miss the giant beetle.
 The giant beetle bites!
 You miss the giant beetle.
 The giant beetle bites!
 In what direction?
 The spell hits the giant beetle!
 The giant beetle bites!
 You die...
 Do you want your possessions identified? [ynq] (y)

Inventory:
 Coins    ('$')
  $ - 541 gold pieces
 Amulets  ('"')
  W - an uncursed amulet of ESP
 Weapons  (')')
  G - the rustproof +0 Magicbane (weapon in right hand)
  M - the +1 Sting
 Armor    ('[')
  x - an uncursed +0 helmet
  z - an uncursed +2 pair of high boots
  b - an uncursed +2 cloak of magic resistance (being worn)
  F - an uncursed +0 leather armor (being worn)
 Scrolls  ('?')
  A - an uncursed scroll of create monster
  V - an uncursed scroll of enchant weapon
  g - an uncursed scroll of teleportation
  Y - a cursed scroll of teleportation
 Spellbooks  ('+')
  l - a blessed spellbook of force bolt
  m - an uncursed spellbook of magic missile
  T - an uncursed spellbook of remove curse
 Potions  ('!')
  f - 2 uncursed potions of fruit juice
  h - an uncursed potion of sickness
 Rings    ('=')
  s - an uncursed +2 ring of gain strength
  d - a blessed +1 ring of increase accuracy (on right hand)
  N - a cursed -1 ring of increase accuracy
  Q - an uncursed ring of stealth
  e - an uncursed ring of teleportation
 Wands    ('/')
  c - a wand of sleep (0:5)
  y - a wand of striking (0:0)
 Tools    ('(')
  o - an uncursed wooden harp
  p - an uncursed blindfold
  i - a cursed expensive camera (0:75)
  n - a magic marker (0:22)
  v - a blessed oil lamp
  X - an uncursed skeleton key
  u - an uncursed tallow candle
 Gems/Stones  ('*')
  r - an uncursed amber stone
  j - an uncursed worthless piece of black glass
  U - an uncursed worthless piece of blue glass
  q - a cursed worthless piece of violet glass
  k - an uncursed worthless piece of yellowish brown glass
  a - a cursed worthless piece of yellowish brown glass

A4Paper the Wizard's attributes:

Background:
 You were a Thaumaturge, a level 7 female elven Wizard.
 You were chaotic, on a mission for Anhur
 who was opposed by Ptah (lawful) and Thoth (neutral).
 You were right-handed.
 You were in the Gnomish Mines, on level 5.
 You entered the dungeon 5644 turns ago.
 You had 755 experience points, 525 more were needed to attain level 8.
 Your score was 3781 before end-of-game adjustments.

Basics:
 You had 0 out of 53 hit points.
 You had 2 out of 93 energy points (spell power).
 Your armor class was 5.
 Your wallet contained 541 zorkmids.
 Autopickup was off.

Final Characteristics:
 Your strength was 13 (limit:18).
 Your dexterity was 14 (limit:18).
 Your constitution was 16 (limit:16).
 Your intelligence was 19 (limit:20).
 Your wisdom was 12 (limit:20).
 Your charisma was 9 (limit:18).

Final Status:
 You weren't hungry.
 You were unencumbered.
 You were wielding a dagger.
 You were unskilled in dagger and could have enhanced that.

Final Attributes:
 You were piously aligned.
 You were magic-protected.
 You were sleep resistant.
 You saw invisible.
 You had infravision.
 You were invisible to others.
 You had a small bonus to hit (+1).
 You were warded.
 You are dead.

Miscellaneous:
 You didn't encounter any bones levels.
 Total elapsed playing time was 41 minutes and 53 seconds.

Major events:
 Turn
    1: A4Paper the chaotic female elven Wizard entered the dungeon
 1201: attained the rank of Conjurer (level 3)
 1230: was bestowed with Magicbane by Anhur
 1983: entered the Gnomish Mines
 2426: was bestowed with Trollsbane by Anhur
 4247: attained the rank of Thaumaturge (level 6)
 4570: chose an elven dagger to be named "Sting"
 5417: reached Mine Town
 5644: killed by a giant beetle

Spells:
 Name                 Level Category     Fail Retention
 force bolt             1   attack         0%   71%-80%
 magic missile          2   attack         0%   71%-80%
 remove curse           3   clerical      71%  76%-100%

Skills:
 Fighting Skills
   bare handed combat [Unskilled]
   riding             [Unskilled]
 Weapon Skills
   dagger             [Unskilled]
   knife              [Unskilled]
   axe                [Unskilled]
   short sword        [Unskilled]
   club               [Unskilled]
   mace               [Unskilled]
   morning star       [Unskilled]
   quarterstaff       [Basic]
   polearms           [Unskilled]
   spear              [Unskilled]
   trident            [Unskilled]
   sling              [Unskilled]
   dart               [Unskilled]
   shuriken           [Unskilled]
 Spellcasting Skills
   attack spells      [Basic]
   healing spells     [Unskilled]
   divination spells  [Unskilled]
   enchantment spells [Basic]
   clerical spells    [Unskilled]
   escape spells      [Unskilled]
   matter spells      [Unskilled]

Voluntary challenges:
 Character rerolling was not enabled.
 You never genocided any monsters.
 You never polymorphed an object.
 You never changed form.
 You used no wishes.
Achievements:
 You entered a shop.
 You attained the rank of Conjurer.
 You entered the Gnomish Mines.
 You attained the rank of Thaumaturge.
 You entered Minetown.
 You entered a temple.

 The Dungeons of Doom: levels 1 to 3
    Level 1:
    Level 2:
       A general store, an altar to Anhur.
       Stairs down to The Gnomish Mines.
    Level 3:
 The Gnomish Mines: levels 3 to 5
    Level 3:
    Level 4:
    Level 5: <- You were here.
       Many shops, a temple and an altar to Anhur, some fountains.
       Final resting place for
          you, killed by a giant beetle.


Vanquished creatures:
  a watchman
  2 gnome rulers
  a water nymph
  a rock piercer
  a pony
  3 gnome leaders
  3 gnomish wizards
  a gray ooze
  2 little dogs
  4 floating eyes
  5 dwarves
  2 homunculi
  a kobold leader
  a giant bat
  5 monkeys
  a wererat
  2 werejackals
  3 iguanas
 an acid blob
  a coyote
  a gas spore
  3 hobbits
  7 manes
  3 large kobolds
  a hobgoblin
  a giant rat
  a brown mold
  2 yellow molds
  2 green molds
  a red mold
 22 gnomes
 10 garter snakes
  7 geckos
 12 jackals
  2 foxes
  3 kobolds
  3 goblins
  5 sewer rats
  8 grid bugs
  6 lichens
  2 kobold zombies
  8 newts
151 creatures vanquished.

No species were genocided or became extinct.

Game over:
                       ----------
                      /          \
                     /    REST    \
                    /      IN      \
                   /     PEACE      \
                  /                  \
                  |     A4Paper      |
                  |      541 Au      |
                  |   killed by a    |
                  |   giant beetle   |
                  |                  |
                  |                  |
                  |       2026       |
                 *|     *  *  *      | *
        _________)/\\_//(\/(/\)/\//\/|_)_______

Goodbye A4Paper the Wizard...

You died in The Gnomish Mines on dungeon level 5 with 3727 points,
and 541 pieces of gold, after 5644 moves.
You were level 7 with a maximum of 53 hit points when you died.

